 Dungeon Crawl Stone Soup version 0.28-a0-802-g09f76e8c00 (webtiles) character file.

Game seed: 11486383548115281086

452 vurker the Gusty (level 6, -8/48 HPs)
             Began as a Demigod Air Elementalist on Nov 6, 2021.
             Mangled by an ogre (30 damage)
             ... on level 4 of the Dungeon.
             The game lasted 00:04:39 (4196 turns).

vurker the Gusty (Demigod Air Elementalist)         Turns: 4196, Time: 00:04:39

Health: -8/48      AC:  3    Str:  9    XL:     6   Next: 46%
Magic:  12/14      EV: 12    Int: 31    God:
Gold:   226        SH:  0    Dex: 14    Spells: 7/12 levels left

rFire   . . .      SeeInvis .   (no weapon)
rCold   . . .      Faith    .   (no shield)
rNeg    . . .      Spirit   .   a - +0 robe
rPois   .          Reflect  .   (no helmet)
rElec   .          Harm     .   (no cloak)
rCorr   .          Rampage  .   e - +0 pair of gloves
Will    .....                   (no boots)
Stlth   ++........              c - amulet of regeneration
HPRegen 1.16/turn               b - +6 ring of intelligence
MPRegen 0.14/turn               (no ring)

@: no status effects
A: high mp 1, forlorn
a: no special abilities


You were on level 4 of the Dungeon.
You visited 1 branch of the dungeon, and saw 4 of its levels.

You collected 226 gold pieces.

Inventory:

Armour
 a - a +0 robe (worn)
 e - a +0 pair of gloves (worn)
   (You found it on level 1 of the Dungeon)
 j - a +0 cloak
   (You found it on level 4 of the Dungeon)
Jewellery
 b - a +6 ring of intelligence (left hand)
   (You found it on level 1 of the Dungeon)
 c - an amulet of regeneration (around neck)
   (You found it on level 1 of the Dungeon)
Wands
 u - a wand of paralysis (7)
   (You found it on level 4 of the Dungeon)
Scrolls
 d - 2 scrolls of enchant weapon {unknown}
 l - a scroll of amnesia {unknown}
 o - a scroll of identify
 p - 3 scrolls of teleportation {unknown}
Potions
 f - a potion of berserk rage {unknown}
 g - 2 potions of heal wounds
 h - 3 potions of curing
 i - a potion of mutation {unknown}
 k - a potion of degeneration {unknown}
 m - a potion of magic {unknown}
 n - a potion of ambrosia {unknown}


   Skills:
 + Level 2.2 Fighting
 - Level 1.7 Dodging
 - Level 1.7 Stealth
 * Level 3.7 Spellcasting
 + Level 2.6 Conjurations
 * Level 4.6 Air Magic


You had 7 spell levels left.
You knew the following spells:

 Your Spells              Type           Power      Damage    Failure   Level
a - Shock                 Conj/Air       100%       1d9       1%          1
c - Airstrike             Air            17%        N/A       9%          4

Your spell library contained the following spells:

 Spells                   Type           Power      Damage    Failure   Level
 Magic Dart               Conj           88%        1d7       2%          1
 Static Discharge         Conj/Air       28%        N/A       2%          2
 Swiftness                Air            34%        N/A       2%          3
 Sandblast                Erth           10%        2d5       6%          1
 Mephitic Cloud           Conj/Pois/Air  20%        N/A       7%          3
 Call Imp                 Summ           5%         N/A       10%         2
 Passwall                 Tmut/Erth      4%         N/A       10%         2
 Stone Arrow              Conj/Erth      26%        3d8       11%         3
 Ozocubu's Armour         Ice            5%         N/A       19%         3
 Ozocubu's Refrigeration  Ice            2%         4d5       100%        7


Dungeon Overview and Level Annotations

Branches:
Dungeon (4/15)
 Temple: D:4-7


Innate Abilities, Weirdness & Mutations

Your attributes grow dramatically as you level up.
You have an increased reservoir of magic. (+10% MP)
You shall have no god before yourself.


Message History

The zap misses the phantom.
Aim: a phantom (64% to hit)
The zap hits the phantom.
You can't see any susceptible monsters within range! (Use Z to cast anyway.)
A phantom is nearby!
Aim: a phantom (moderately damaged, 64% to hit)
The zap hits the phantom!
The zap hits the phantom.
Aim: a phantom (severely damaged, 64% to hit)
The zap hits the phantom but does no damage.
Aim: a phantom (severely damaged, 64% to hit)
The zap hits the phantom.
The phantom hits you but does no damage.
Aim: a phantom (severely damaged, 64% to hit)
The zap hits the phantom!
You destroy the phantom!
You can't see any susceptible monsters within range! (Use Z to cast anyway.)
There is a stone staircase leading up here.
An orc comes into view. It is wielding a +0 club.
The orc shouts!
An orc is nearby!
Aim: an orc, wielding a +0 club (74% to hit)
The zap hits the orc.
Aim: an orc, wielding a +0 club (heavily wounded, 74% to hit)
The zap hits the orc!
You kill the orc!
You can't see any susceptible monsters within range! (Use Z to cast anyway.)
You can't see any susceptible monsters within range! (Use Z to cast anyway.)
Things that are here:
a +0 club; an orc corpse
Found a stone staircase leading down.
Found a scroll labelled SEUTOH QEOTZIESIO.
d - 2 scrolls labelled SEUTOH QEOTZIESIO (gained 1)
Found a bronze wand.
Found 16 gold pieces.
u - a wand of paralysis (7)
You now have 226 gold pieces (gained 16).
Found a glowing short sword.
There is an open door here.
There is an open door here.
There is an open door here.
An ogre is nearby!
There is an open door here.
The zap hits the ogre. x2
The ogre hits you with a +0 giant spiked club!!
Ouch! That really hurt!
* * * LOW HITPOINT WARNING * * *
The zap hits the ogre.
The zap misses the ogre.
The ogre hits you with a +0 giant spiked club!!
Ouch! That really hurt!
You die...

...... #########
###'##'##+###....>...
#.....#...).#####....
#.....#.....#..##....
+##'##'##'##'........
#.#..#.....#..#####.###
#.#..#'###'#..##.....##
#.#..#O....#..#..##....
#.+..+@._..'..'..##..#.
#.#..#.....#..#......#.
#.#..#'###'#..#..###.#.
#.#..#.....#..#..#.#.#.
#.'##'##'##'##'..#...#.
###.....#..(..#..#÷###.
#.....#.....#........
###'##+##+####÷#.####
#.....#.###..).#


You could see an ogre.

Vanquished Creatures
  An ogre (D:3)
  A phantom (D:4)
  A howler monkey (D:4)
  An iguana (D:4)
  2 orc wizards (D:4)
  Jessica (D:2)
  Terence (D:2)
  6 adders
  3 worms
  A dart slug (D:1)
  8 orcs
  5 bats
  2 endoplasms
  4 giant cockroaches
  5 goblins
  6 hobgoblins
  3 kobolds
  A quokka (D:4)
  3 ball pythons
  3 frilled lizards
  6 rats
64 creatures vanquished.

Vanquished Creatures (others)
  3 plants (D:3)
3 creatures vanquished.

Grand Total: 67 creatures vanquished

Notes
Turn   | Place    | Note
-------+----------+-------------------------------------------
     0 | D:1      | vurker the Demigod Air Elementalist began the quest for the
                  | Orb.
     0 | D:1      | Reached XP level 1. HP: 14/14 MP: 5/5
   161 | D:1      | Reached skill level 1 in Conjurations
   447 | D:1      | Reached XP level 2. HP: 20/20 MP: 4/7
   485 | D:1      | Reached skill level 3 in Air Magic
  1108 | D:2      | Reached XP level 3. HP: 27/27 MP: 2/9
  1202 | D:2      | Noticed Jessica
  1216 | D:2      | Killed Jessica
  1217 | D:2      | Reached skill level 1 in Fighting
  1432 | D:2      | Noticed Terence
  1452 | D:2      | Killed Terence
  1453 | D:2      | Reached XP level 4. HP: 35/35 MP: 6/10
  2274 | D:3      | Noticed an ogre
  2515 | D:3      | Killed an ogre
  2516 | D:3      | Reached skill level 4 in Air Magic
  2516 | D:3      | Reached XP level 5. HP: 40/40 MP: 7/12
  2742 | D:3      | Learned a level 4 spell: Airstrike
  3526 | D:4      | Reached XP level 6. HP: 48/48 MP: 7/14
  4196 | D:4      | Mangled by an ogre

Illustrated notes

Levels and vault maps discovered:
D:1:      dpeg_arrival_renting, layout_loops_ring,
          hellmonk_ecumenical_altar_lost_god, chequers_mini_garden
D:2:      layout_basic, serial_bayou_lagoon_b, uniq_terence, uniq_jessica
D:3:      cheibrodos_old_hovel, layout_basic, worldfamousw_hep_ancestral_shrine
D:4:      layout_basic, mainiacjoe_overflow_24_doors

Skill      XL: |  1  2  3  4  5  6 |
---------------+-------------------+-----
Conjurations   | 1 2 |  2.6
Spellcasting   | 2 3 |  3.7
Air Magic      | 3 4 |  4.6
Fighting       | 1 2 |  2.2
Dodging        | |  1.7
Stealth        | |  1.7

Action                   |  1- 3 |  4- 6 || total
-------------------------+-------+-------++-------
 Cast: Shock             |    47 |   117 ||   164
  Use: Scroll            |       |     2 ||     2
Armor: Robe              |     1 |     2 ||     3
Dodge: Dodged            |     1 |     4 ||     5

Table legend: (Time is in decaauts)
 A = Elapsed time spent in this place.
 B = Non-inter-level travel time spent in this place.
 C = Inter-level travel time spent in this place.
 D = Time resting spent in this place.
 E = Time spent auto-exploring this place.
 F = Levels seen in this place.
 G = Mean time per level.
                   A        B        C        D        E       F      G
               +--------+--------+--------+--------+--------+-----+--------+
         Total |   4219 |   4009 |    210 |    200 |   3332 |   4 | 1054.8 |
       Dungeon |   4219 |   4009 |    210 |    200 |   3332 |   4 | 1054.8 |
               +--------+--------+--------+--------+--------+-----+--------+

Top non-repeatable levels by time:
     D:3: 1309 daAuts
     D:2: 1212 daAuts
     D:1: 1018 daAuts
     D:4: 679 daAuts
